 Dungeon Crawl Stone Soup version 0.29.1-15-g9cfb28693d (webtiles) character file.

Game seed: 16074870440810689614

2732 Cheops the Spear-Bearer (level 9, -2/61 HPs)
             Began as a Merfolk Gladiator on Mar 14, 2023.
             Was a Believer of the Shining One.
             Slain by a basilisk (13 damage)
             ... on level 8 of the Dungeon.
             The game lasted 00:15:00 (6742 turns).

Cheops the Spear-Bearer (Merfolk Gladiator)         Turns: 6742, Time: 00:15:00

Health: -2/61      AC: 11    Str: 24    XL:     9   Next: 67%
Magic:  14/14      EV: 12    Int:  7    God:    the Shining One [**....]
Gold:   80         SH:  0    Dex: 15    Spells: 8/8 levels left

rFire   . . .      SeeInvis .   a - +4 bardiche (freeze)
rCold   . . .      Faith    .   (shield currently unavailable)
rNeg    + + .      Spirit   .   p - +4 ring mail
rPois   .          Reflect  .   h - +0 helmet
rElec   .          Harm     .   (no cloak)
rCorr   .          Rampage  .   t - +0 pair of gloves
Will    .....                   (no boots)
Stlth   +.........              z - amulet of regeneration
HPRegen 1.00/turn               r - ring of Goecvy {rN+ Str+5}
MPRegen 0.14/turn               (no ring)

@: glowing
A: (nimble swimmer 2), mertail
a: Renounce Religion, Divine Shield


You were on level 8 of the Dungeon.
You worshipped the Shining One.
The Shining One was pleased with you.
You visited 2 branches of the dungeon, and saw 9 of its levels.
You also visited: Sewer.

You collected 345 gold pieces.
You spent 265 gold pieces at shops.

Inventory:

Hand Weapons
 a - a +4 bardiche of freezing (weapon)
 b - a +0 trident
 J - a +2 antimagic hand axe
Missiles
 d - 3 throwing nets (quivered)
 e - a javelin
Armour
 h - a +0 helmet (worn)
 i - a +0 leather armour
 p - a +4 ring mail (worn)
 t - a +0 pair of gloves (worn)
 y - the +2 ring mail of Niuximn {rPois rCorr Str-5 Stlth+}
   (You took it off a hobgoblin on level 2 of the Dungeon)

   Str:       It affects your strength (-5).
   rPois:     It protects you from poison.
   rCorr:     It protects you from acid and corrosion.
   Stlth:     It makes you more stealthy.
 A - a +1 robe of cold resistance
Magical Staves
 c - a staff of fire
Jewellery
 j - the amulet of the Raven {Acrobat rN+}
   (You found it on level 7 of the Dungeon)

   [amulet of the acrobat]

   It increases your evasion while moving and waiting.
   rN:        It protects you from negative energy.
 r - the ring of Goecvy (left hand) {rN+ Str+5}
   (You found it on level 3 of the Dungeon)

   [ring of positive energy]

   Str:       It affects your strength (+5).
   rN:        It protects you from negative energy.
 z - an amulet of regeneration (around neck)
Wands
 n - a wand of charming (10)
 w - a wand of flame (23)
 L - a wand of digging (6)
Scrolls
 f - 3 scrolls of immolation
 m - 6 scrolls of teleportation
 s - 2 scrolls of vulnerability {unknown}
 C - a scroll of enchant armour
 D - a scroll of summoning
 G - a scroll of fog
 H - a scroll of fear
 K - a scroll of magic mapping
 M - a scroll of noise
Potions
 g - 5 potions of lignification {unknown}
 k - 8 potions of mutation {unknown}
 l - 3 potions of attraction {unknown}
 o - 3 potions of flight {unknown}
 q - 3 potions of heal wounds {unknown}
 u - 9 potions of curing
 v - 3 potions of invisibility {unknown}
 x - 3 potions of degeneration {unknown}
 B - 3 potions of might {unknown}
 E - a potion of cancellation {unknown}
 F - a potion of haste {unknown}
 I - a potion of ambrosia {unknown}


   Skills:
 - Level 2.1 Fighting
 + Level 14.9 Polearms
 - Level 2.0 Throwing
 - Level 4.0 Dodging
 - Level 6.7 Invocations


You had 8 spell levels left.
You didn't know any spells.
Your spell library contained the following spells:

 Spells                   Type           Power      Damage    Failure   Level
 Sting                    Tmut/Pois      0%         1d3       58%         1
 Summon Small Mammal      Summ           0%         N/A       58%         1
 Poisonous Vapours        Pois/Air       0%         N/A       73%         2
 Call Canine Familiar     Summ           0%         N/A       91%         3
 Summon Guardian Golem    Hex/Summ       0%         N/A       91%         3
 Olgreb's Toxic Radiance  Pois           0%         N/A       100%        4


Dungeon Overview and Level Annotations

Branches:
Dungeon (8/15)             Temple (1/1) D:4           Sewer (visited)
   Lair: D:8-11

Altars:
Ashenzari
Cheibriados
Elyvilon
Fedhas
Gozag
Hepliaklqana
Kikubaaqudgha
Makhleb
Nemelex Xobeh
Okawaru
Qazlal
Ru
Sif Muna
Trog
Uskayaw
Vehumet
Wu Jian
Xom
Yredelemnul
Zin
The Shining One

Shops:
D:1 [((??   D:4 (   D:5 !

Annotations:
D:3 4 runed translucent doors, AverageBear's ghost, amateur OpFi; Crazy Yiuf


Innate Abilities, Weirdness & Mutations

((You are very nimble when in or above water. (Stealth+, EV+, Speed+++)))
Your lower body shifts to a powerful aquatic tail in water.


Message History

The wyvern bites you! The basilisk completely misses you.
The wyvern bites you but does no damage.
The basilisk bites you but does no damage.
You have turned to stone.
The wyvern bites you.
The basilisk bites you but does no damage.
The wyvern bites you. The wyvern bites you!
* * * LOW HITPOINT WARNING * * *
The basilisk gazes at you. You resist with some effort. The wyvern bites you.
The basilisk bites you.
* * * LOW HITPOINT WARNING * * *
The wyvern bites you!
* * * LOW HITPOINT WARNING * * *
The wyvern barely misses you. The basilisk gazes at you.
You resist with some effort. The wyvern bites you.
* * * LOW HITPOINT WARNING * * *
The basilisk bites you!
* * * LOW HITPOINT WARNING * * *
The wyvern bites you but does no damage.
The wyvern bites you!
* * * LOW HITPOINT WARNING * * *
The basilisk bites you but does no damage.
The wyvern bites you!
* * * LOW HITPOINT WARNING * * *
The basilisk bites you but does no damage.
The wyvern bites you but does no damage.
You turn to flesh and can move again.
Unknown command.
Unknown command.
Unknown command.
Unknown command.
Unknown command.
You slice the wyvern!! You freeze the wyvern.
You kill the wyvern!
The basilisk bites you!
You die...

.... ..... #.PP.
.# #..P.. #..
#.... #.#
#...###.#
#...l.#.#
#....@..#
#.....).########
#.......##.....#
..........##<....#
........)........#
...##...####.....#
### #.### #...<.#
#. ####### ..


You could see a basilisk.

Vanquished Creatures
  A troll (D:6)
  Grinder (D:6)
  2 wyverns
  A yak (D:8)
  Edmund (D:6)
  Menkaure (D:5)
  A water moccasin (D:6)
  An ice beast (D:7)
  An orc warrior (D:5)
  An ogre (D:5)
  3 centaurs
  A phantom (D:5)
  3 kobold brigands (Sewer)
  Blork the orc (D:3)
  2 scorpions
  A howler monkey (D:5)
  A hound (D:6)
  2 orc priests (D:5)
  2 jellies
  2 iguanas
  4 orc wizards
  Robin (D:2)
  12 gnolls
  12 adders
  2 shadow imps
  3 ufetubi
  5 worms
  3 dart slugs
  20 orcs
  4 bats
  8 endoplasms
  4 giant cockroaches
  14 goblins
  8 hobgoblins
  5 jackals
  2 quokkas
  6 ball pythons
  8 kobolds
  3 rats
  A butterfly (D:5)
154 creatures vanquished.

Vanquished Creatures (others)
  A human (D:6)
1 creature vanquished.

Grand Total: 155 creatures vanquished

Notes
Turn   | Place    | Note
-------+----------+-------------------------------------------
     0 | D:1      | Cheops the Merfolk Gladiator began the quest for the Orb.
     0 | D:1      | Reached XP level 1. HP: 16/16 MP: 1/1
   146 | D:1      | Found a glowing silver altar of Zin.
   174 | D:1      | Reached XP level 2. HP: 10/22 MP: 2/2
   416 | D:1      | Found Meihemip's Weapon Shop.
   422 | D:1      | Reached skill level 5 in Polearms
   490 | D:1      | Found Imifuusa's Magic Scroll Emporium.
   516 | D:1      | Found Cauc's Magic Scroll Shop.
   727 | D:1      | Found Lafovvum's Weapon Emporium.
   905 | D:1      | Found Kihes's Armour Shop.
  1039 | D:2      | Reached XP level 3. HP: 26/27 MP: 3/3
  1352 | D:3      | Reached skill level 6 in Polearms
  1584 | D:3      | Found a runed translucent gate.
  1585 | D:3      | Found a runed translucent gate.
  1585 | D:3      | Found a runed translucent gate.
  1592 | D:3      | Found a runed translucent door.
  1593 | D:3      | Noticed Crazy Yiuf
  1607 | D:3      | Noticed AverageBear's ghost (amateur OpFi)
  1646 | D:3      | Identified the +7 rapier "Caugipn" {protect, *Rage rCorr
                  | Str+3 Dex+6}
  1692 | D:3      | Identified the ring of Goecvy {rN+ Str+5}
  2244 | D:2      | Reached XP level 4. HP: 28/33 MP: 4/4
  2338 | D:2      | Noticed Robin
  2352 | D:2      | Killed Robin
  2360 | D:2      | Reached skill level 7 in Polearms
  2472 | D:2      | Identified the +8 flail of the Coward {antimagic, rN+
                  | Str+2}
  2527 | D:2      | Identified the +2 ring mail of Niuximn {rPois rCorr Str-5
                  | Stlth+}
  2722 | D:4      | Reached XP level 5. HP: 33/38 MP: 5/5
  2798 | D:4      | Found a staircase to the Ecumenical Temple.
  2819 | Temple   | Entered the Ecumenical Temple
  3039 | Temple   | Became a worshipper of the Shining One
  3062 | D:4      | Found Pahed's Weapon Shoppe.
  3065 | D:4      | Noticed Blork the orc
  3090 | D:3      | Killed Blork the orc
  3091 | D:3      | Reached skill level 8 in Polearms
  3091 | D:3      | Reached skill level 1 in Invocations
  3141 | D:4      | Reached XP level 6. HP: 28/44 MP: 5/7
  3314 | D:4      | Found an opulent altar of Gozag.
  3329 | D:4      | Found a stormy altar of Qazlal.
  3805 | D:5      | Entered Level 5 of the Dungeon
  3872 | D:5      | Reached skill level 9 in Polearms
  3898 | D:5      | Found Ettet's Distillery.
  3903 | D:5      | Bought a potion of curing for 33 gold pieces
  3907 | D:5      | Found a glowing drain.
  3922 | Sewer    | Entered a sewer
  3954 | Sewer    | Reached XP level 7. HP: 50/50 MP: 9/9
  4142 | Sewer    | Reached skill level 10 in Polearms
  4289 | D:5      | Noticed Menkaure
  4491 | D:5      | Found a shimmering altar of Xom.
  4502 | D:5      | Killed Menkaure
  4502 | D:5      | Reached * piety under the Shining One
  4503 | D:5      | Reached XP level 8. HP: 36/56 MP: 11/11
  4511 | D:5      | Reached skill level 11 in Polearms
  4593 | D:5      | Found a bloodstained altar of Trog.
  4768 | D:5      | Reached skill level 5 in Invocations
  5060 | D:6      | Noticed Grinder
  5066 | D:6      | Paralysed by Grinder for 4 turns
  5078 | D:6      | Killed Grinder
  5079 | D:6      | Reached skill level 12 in Polearms
  5262 | D:6      | Found an ancient bone altar of Kikubaaqudgha.
  5274 | D:6      | Noticed Edmund
  5286 | D:6      | Killed Edmund
  5395 | D:6      | Reached XP level 9. HP: 61/61 MP: 13/13
  5447 | D:6      | Noticed a troll
  5460 | D:6      | Killed a troll
  5461 | D:6      | Reached skill level 13 in Polearms
  5831 | D:1      | Bought a +1 bardiche of freezing for 232 gold pieces
  5965 | D:7      | Identified the amulet of the Raven {Acrobat rN+}
  6196 | D:7      | Reached skill level 14 in Polearms
  6729 | D:8      | Reached ** piety under the Shining One
  6742 | D:8      | Slain by a basilisk

Illustrated notes

Levels and vault maps discovered:
D:1:      amcnicky_arrival_wind_blow, layout_loops_ring, serial_shops,
          nicolae_diamond_shop, shop, nicolae_shop_bloodbath_and_beyond,
          nicolae_lakefront_shop, nicolae_lakefront_shop, minmay_hexomino_r4
D:2:      minmay_recursive_quarters, layout_rooms, uniq_robin
D:3:      layout_rooms, gammafunk_ghost_necromancy, uniq_crazy_yiuf_cottage
D:4:      layout_basic, mainiacjoe_overflow_catch_the_wave,
          minmay_temple_entry_hall, serial_shops, nicolae_stop_n_shop_2,
          hex_tiny, due_unseen_surprise, uniq_blork_the_orc
D:5:      layout_loops_ring, trog_antimagical, xom_butterflies,
          cheibrodos_sewer_entry_drain, serial_shops, nicolae_square_shop,
          guppyfry_early_orc_mine, uniq_menkaure
D:6:      layout_rooms, tgw_kikubaaqudgha, minmay_three_doors, uniq_edmund,
          uniq_grinder
D:7:      layout_loops_ring
D:8:      layout_loops_cross, david_lair_generic,
          gammafunk_ghost_wrathful_warriors
Temple:   eino_temple_rhombus

Skill      XL: |  1  2  3  4  5  6  7  8  9 |
---------------+----------------------------+-----
Polearms       | 5 6 7 8 9 10 12 14 | 14.9
Invocations    | 1 2 4 6 |  6.7
Fighting       | |  2.1
Throwing       | |  2.0
Dodging        | |  4.0

Action                   |  1- 3 |  4- 6 |  7- 9 || total
-------------------------+-------+-------+-------++-------
Melee: Trident           |   128 |   174 |   250 ||   552
       Punch             |     2 |     2 |     2 ||     6
       Tailslap          |       |     1 |     7 ||     8
       Bardiche          |       |       |    33 ||    33
Invok: Divine Shield     |       |       |     2 ||     2
  Use: Scroll            |       |       |    11 ||    11
Armor: Leather armour    |    26 |       |       ||    26
       Ring mail         |     4 |    55 |    65 ||   124
Dodge: Dodged            |    67 |    94 |   118 ||   279
Block: Other             |       |       |    13 ||    13
